 Dungeon Crawl Stone Soup version 0.31-a0-233-g139696dc86 (webtiles) character file.

Game seed: 10982020284988264476

387 qw the Shooter (level 6, 0/38 HPs)
             Began as a Gargoyle Hexslinger on July 7, 2023.
             Killed by divine providence
             ... invoked by an orc priest
              (9 damage)
             ... on level 4 of the Dungeon.
             The game lasted 00:01:15 (3208 turns).

qw the Shooter (Gargoyle Hexslinger)                Turns: 3208, Time: 00:01:16

Health: 0/38       AC: 10    Str: 11    XL:     6   Next: 78%
Magic:  7/7        EV: 10    Int: 14    God:
Gold:   207        SH:  0    Dex: 14    Spells: 6/7 levels left

rFire   + . .        Y - +2 sling
rCold   . . .        (no shield)
rNeg    + . .        f - +0 ring mail
rPois   inf          (no helmet)
rElec   +            (no cloak)
rCorr   .            (no gloves)
SInv    .            b - +0 pair of boots
Will    .....        (no amulet)
Stlth   +            e - ring of protection from fire
HPRegen 0.26/turn    (no ring)
MPRegen 0.10/turn

%: no passive effects
@: no status effects
A: sickness immunity, AC +4, negative energy resistance 1, electricity
resistance, torment resistance 1, petrification resistance
a: no special abilities


You were on level 4 of the Dungeon.
You visited 1 branch of the dungeon, and saw 4 of its levels.

You collected 207 gold pieces.


Innate Abilities, Weirdness & Mutations

You are immune to sickness and miasma.
Your stone body is resilient. (AC +4)
You are immune to poison.
You resist negative energy. (rN+)
You are resistant to electric shocks. (rElec)
You are resistant to unholy torment.
You are immune to petrification.


   Skills:
 + Level 3.6 Fighting
 - Level 6.0 Ranged Weapons
 - Level 1.0 Armour
 - Level 1.5 Dodging
 - Level 1.0 Spellcasting
 - Level 2.6 Hexes


You had 6 spell levels left.
You knew the following spells:

 Your Spells              Type           Power      Damage    Failure   Level
a - Slow                  Hex            32%        N/A       21%         1

Your spell library contained the following spells:

 Spells                   Type           Power      Damage    Failure   Level
 Inner Flame              Hex/Fire       4%         N/A       71%         3
 Portal Projectile        Hex/Tloc       8%         N/A       71%         3
 Cause Fear               Hex            4%         N/A       90%         4

Inventory:

Hand Weapons
 Y - a +2 sling (weapon)
Armour
 b - a +0 pair of boots (worn)
 f - a +0 ring mail (worn)
Jewellery
 e - a ring of protection from fire (left hand)
Scrolls
 a - a scroll of identify
 c - 3 scrolls of teleportation
 j - a scroll of immolation {unknown}
 k - 2 scrolls of revelation {unknown}
Potions
 d - a potion of might {unknown}
 g - a potion of heal wounds
 h - 2 potions of curing
 i - a potion of haste {unknown}
 l - a potion of enlightenment {unknown}

Dungeon Overview and Level Annotations

Branches:
Dungeon (4/15)
 Temple: D:4-7

Altars:
Wu Jian

Annotations:
D:4 1 runed translucent door, qw's ghost, amateur MiHs


Message History

Enter note:
Enter note:
Enter note:
Enter note: You shoot a sling bullet.
The sling bullet closely misses the orc.
The sling bullet hits the orc priest but does no damage.
You shoot a sling bullet. The sling bullet barely misses the orc.
The sling bullet barely misses the orc priest.
You shoot a sling bullet. The sling bullet hits the orc priest.
The orc priest is lightly wounded.
You shoot a sling bullet. The sling bullet hits the orc.
The orc is moderately wounded.
The orc priest invokes the aid of Beogh against you.
Beogh smites you! The orc closely misses you.
You shoot a sling bullet. The sling bullet hits the orc.
The orc is heavily wounded.
You shoot a sling bullet. The sling bullet barely misses the orc.
The orc barely misses you.
You shoot a sling bullet. The sling bullet hits the orc!
You kill the orc!
The orc priest hits you but does no damage.
The orc priest invokes the aid of Beogh against you.
Pain shoots through your body!
You shoot a sling bullet. The sling bullet hits the orc priest.
The orc priest is moderately wounded.
The orc priest hits you with a +0 war axe.
You shoot a sling bullet. The sling bullet hits the orc priest.
The orc priest is heavily wounded.
The orc priest hits you with a +0 war axe.
You shoot a sling bullet.
The sling bullet hits the orc priest but does no damage.
The orc priest is heavily wounded.
You shoot a sling bullet.
The sling bullet closely misses the orc priest.
The hobgoblin hits you but does no damage.
The orc priest hits you with a +0 war axe!
The orc priest invokes the aid of Beogh against you.
Beogh smites you!
You die...

.......... .......##
...###.# ...%#..#
##....## ### ###....#
.... ###### ###....#
}.}.} #..#.# ..#....#
.....o#o..## #......#
.....og@..# #....###
......#)..# .....##
}.}.} #...## ......##
.... #..#.##
.......#########..##.#
........##..........##
.......###.......##.#
.........#.......####
......#........#.#


You could see an orc priest, 2 orcs and a hobgoblin.

Vanquished Creatures
  A phantom (D:4)
  A howler monkey (D:4)
  A hound (D:4)
  A jelly (D:2)
  Natasha (thrice) (D:2)
  8 adders
  A dart slug (D:3)
  2 worms
  3 orcs
  7 endoplasms
  7 goblins
  11 hobgoblins
  3 quokkas
  6 ball pythons
  2 bats
  A frilled lizard (D:3)
  9 kobolds
  6 rats
73 creatures vanquished.

Notes
Turn   | Place    | Note
-------+----------+-------------------------------------------
     0 | D:1      | qw the Gargoyle Hexslinger began the quest for the Orb.
     0 | D:1      | Reached XP level 1. HP: 12/12 MP: 2/2
     0 | D:1      | 0 ||| qw: Version: 0.3-a-46-gb1f654a
     0 | D:1      | 0 ||| qw: Game counter: 3112
     0 | D:1      | 0 ||| qw: Melee chars always use a shield: true
     0 | D:1      | 0 ||| qw: God list: Okawaru
     0 | D:1      | 0 ||| qw: Allow faded altars: false
     0 | D:1      | 0 ||| qw: Do Orc after clearing Dungeon:15 true
     0 | D:1      | 0 ||| qw: Do second Lair branch before Depths: true
     0 | D:1      | 0 ||| qw: Lair rune preference: random
     0 | D:1      | 0 ||| qw: Goals: Normal
     0 | D:1      | 0 ||| PLANNING D:1-11
   162 | D:1      | Reached XP level 2. HP: 16/16 MP: 3/3
   207 | D:1      | Reached skill level 3 in Ranged Weapons
   610 | D:1      | 610 ||| READING scroll labelled RUDWARHOIN.
   611 | D:1      | 611 ||| READING scroll labelled LYOKIZ CEEFICU.
   612 | D:1      | 612 ||| READING scroll labelled WIOPRE UFOZEF.
   613 | D:1      | 613 ||| DROPPING scroll of poison.
   649 | D:2      | Found a faded altar of an unknown god.
   659 | D:2      | Noticed Natasha
   670 | D:2      | Killed Natasha
   671 | D:2      | Reached XP level 3. HP: 12/22 MP: 4/4
   801 | D:2      | Reached XP level 4. HP: 26/27 MP: 5/5
   846 | D:2      | Noticed Natasha
   854 | D:2      | Killed Natasha
   947 | D:2      | 947 ||| FLEEEEING.
   950 | D:2      | 950 ||| FLEEEEING.
   955 | D:2      | 955 ||| FLEEEEING.
   956 | D:2      | 956 ||| FLEEEEING.
  1096 | D:2      | Reached skill level 4 in Ranged Weapons
  1229 | D:2      | Noticed Natasha
  1230 | D:2      | 1230 ||| Stepping ~*~*~tactically~*~*~ (outnumbered).
  1234 | D:2      | Killed Natasha
  1235 | D:2      | Reached XP level 5. HP: 17/32 MP: 6/6
  1449 | D:2      | Reached skill level 5 in Ranged Weapons
  1600 | D:2      | 1600 ||| UPGRADING to +0 ring mail.
  1610 | D:2      | 1610 ||| DROPPING +0 robe.
  1611 | D:2      | 1611 ||| UPGRADING to ring of protection from fire.
  1612 | D:2      | 1612 ||| READING scroll labelled XURAKHL OS IRPHE.
  1613 | D:2      | 1613 ||| READING scroll labelled WUWO FENELAT.
  1614 | D:2      | 1614 ||| DRINKING 3 sedimented red potions.
  1615 | D:2      | 1615 ||| DRINKING 2 orange potions.
  1616 | D:2      | 1616 ||| DROPPING 2 potions of brilliance.
  1689 | D:3      | Found an ornate altar of the Wu Jian Council.
  1755 | D:3      | Reached skill level 1 in Armour
  1817 | D:3      | Reached skill level 3 in Fighting
  2115 | D:3      | 2115 ||| UPGRADING to +0 pair of boots.
  2120 | D:3      | 2120 ||| READING 3 scrolls labelled DOULYE INOO.
  2124 | D:3      | 2124 ||| READING scroll labelled MYMUPR ZUDUFA.
  2125 | D:3      | 2125 ||| DRINKING 2 ruby potions.
  2177 | D:4      | Noticed a phantom
  2201 | D:4      | Killed a phantom
  2202 | D:4      | Reached XP level 6. HP: 20/37 MP: 7/7
  2341 | D:4      | Reached skill level 6 in Ranged Weapons
  2534 | D:4      | Found a runed translucent door.
  2539 | D:4      | Noticed qw's ghost (amateur MiHs)
  3208 | D:4      | HP: 9/38 [orc priest/+0 war axe (7)]
  3208 | D:4      | Killed from afar by an orc priest

Levels and vault maps discovered:
D:1:      kennysheep_arrival_forest, layout_basic
D:2:      layout_basic, nicolae_ecumenical_pavilion, uniq_natasha
D:3:      layout_rooms, nicolae_overflow_crystal_walls
D:4:      layout_layer_cave, ebering_ghost_sewer_d, grunt_ministairs_3

Skill      XL: |  1  2  3  4  5  6 |
---------------+-------------------+-----
Ranged Weapons | 3 4 5 6 |  6.0
Fighting       | 2 3 |  3.6
Armour         | 1 |  1.0
Dodging        | |  1.5
Spellcasting   | |  1.0
Hexes          | |  2.6

Action                     |  1- 3 |  4- 6 || total
---------------------------+-------+-------++-------
   Fire: Sling             |    84 |   211 ||   295
    Use: Scroll            |     3 |     4 ||     7
         Potion            |       |     3 ||     3
 Armour: Robe              |     8 |    11 ||    19
         Ring mail         |       |    35 ||    35
  Dodge: Dodged            |    21 |    52 ||    73

Table legend:
 A = Non-vault XP
 B = Vault XP
 C = Vault XP percentage of total XP
 D = Non-vault monster count
 E = Vault monster count
 F = Vault count percentage of total count
                 A         B        C        D         E       F
            +---------+---------+-------+---------+---------+-------
      Total |     515 |      39 |   7.0 |      71 |       2 |   2.7
            +---------+---------+-------+---------+---------+-------
        D:1 |      29 |       0 |   0.0 |      17 |       0 |   0.0
        D:2 |     186 |      36 |  16.2 |      18 |       1 |   5.3
        D:3 |      53 |       0 |   0.0 |      17 |       0 |   0.0
        D:4 |     247 |       3 |   1.2 |      19 |       1 |   5.0
            +---------+---------+-------+---------+---------+-------
